 Dungeon Crawl Stone Soup version 0.29-a0-383-g8b6f518c11 (webtiles) character file.

Game seed: 18410687020775852540

3 Musti the Vexing (level 1, 11/11 HPs)
             Began as a Deep Elf Arcane Marksman on May 6, 2022.
             Got out of the dungeon alive.
             The game lasted 00:00:40 (172 turns).

Musti the Vexing (Deep Elf Arcane Marksman)          Turns: 172, Time: 00:00:40

Health: 11/11      AC:  2    Str:  7    XL:     1   Next: 41%
Magic:  5/5        EV: 12    Int: 17    God:
Gold:   0          SH:  0    Dex: 15    Spells: 2/3 levels left

rFire   . . .      SeeInvis .   a - +0 shortbow
rCold   . . .      Faith    .   (shield currently unavailable)
rNeg    . . .      Spirit   .   b - +0 robe
rPois   .          Reflect  .   (no helmet)
rElec   .          Harm     .   (no cloak)
rCorr   .          Rampage  .   (no gloves)
Will    .....                   (no boots)
Stlth   +.........              (no amulet)
HPRegen 0.03/turn               (no ring)
MPRegen 0.09/turn               (no ring)

@: no status effects
A: no striking features
a: no special abilities


You escaped.
You visited 1 branch of the dungeon, and saw 1 of its levels.

Inventory:

Hand Weapons
 a - a +0 shortbow (weapon)
Armour
 b - a +0 robe (worn)
Scrolls
 c - a scroll of vulnerability


   Skills:
 + Level 0.7 Fighting
 + Level 2.6 Bows
 + Level 2.4 Dodging
 + Level 1.5 Spellcasting
 + Level 4.3 Hexes


You had 2 spell levels left.
You knew the following spells:

 Your Spells              Type           Power      Damage    Failure   Level
a - Slow                  Hex            64%        N/A       3%          1

Your spell library contained the following spells:

 Spells                   Type           Power      Damage    Failure   Level
 Inner Flame              Hex/Fire       8%         N/A       26%         3
 Portal Projectile        Hex/Tloc       16%        N/A       26%         3
 Cause Fear               Hex            8%         N/A       34%         4


Dungeon Overview and Level Annotations

Branches:
Dungeon (1/15)

Altars:


Message History

Press: ? - help, Shift-Dir - straight line, f - hobgoblin
Aim: a hobgoblin (asleep, 98% to hit)
You shoot an arrow. The arrow hits the hobgoblin!
You kill the hobgoblin!
A rat comes into view.
Unknown command.
Shoot: a) +0 shortbow
Press: ? - help, Shift-Dir - straight line, f - rat
Aim: a rat (59% to hit)
You shoot an arrow. The arrow hits the rat.
The rat is heavily wounded.
Unknown command.
Shoot: a) +0 shortbow
Press: ? - help, Shift-Dir - straight line, f/p - rat
Aim: a rat (heavily wounded, 59% to hit)
You shoot an arrow. The arrow hits the rat.
You kill the rat!
You see here a rat corpse.
A ball python comes into view.
A ball python is nearby!
A ball python is nearby!
Shoot: a) +0 shortbow
Press: ? - help, Shift-Dir - straight line, f - ball python
Aim: a ball python (asleep, 98% to hit)
You shoot an arrow. The arrow hits the ball python.
The ball python hisses angrily.
The ball python is moderately wounded.
Unknown command.
Shoot: a) +0 shortbow
Press: ? - help, Shift-Dir - straight line, f/p - ball python
Aim: a ball python (moderately wounded, 55% to hit)
You shoot an arrow. The arrow hits the ball python.
You kill the ball python!
You see here a rat corpse.
There is an open gate here.
There is an open door here.
There is an open door here.
There is a staircase leading out of the dungeon here.
Are you sure you want to leave the Dungeon?
This will make you lose the game!
You have escaped!

#....○....# .... .........
.. ... #.......# .. ...####
####### ### .. #.##..##
#≈.≈# #..## .. #.#....##
##'## #....# ..
#.#.#..####...####....# ..
#.'....#8#.....#.#....#
..###.'....'.'..@..'.#....#
...†..'#...#8#..>..#.#....#
...##.#....####...####....#
...##.#....## ##'## #..#.#
...##.##..## #≈.≈# #..##
...##..#### ####### ###
....... #.......# ........
#.........# ...##...
#....°....#


There were no monsters in sight!

Vanquished Creatures
  A hobgoblin (D:1)
  A ball python (D:1)
  A frilled lizard (D:1)
  A rat (D:1)
4 creatures vanquished.

Notes
Turn   | Place    | Note
-------+----------+-------------------------------------------
     0 | D:1      | Musti the Deep Elf Arcane Marksman began the quest for the
                  | Orb.
     0 | D:1      | Reached XP level 1. HP: 11/11 MP: 5/5
   172 | D:$      | Got out of the dungeon alive.

Illustrated notes

Levels and vault maps discovered:
D:1:      shiori_arrival_elements, layout_basic, serial_shops,
          nicolae_shop_stone, chequers_ecumenical_altar_simple_redux,
          st_stairs_10

Action                   || total
-------------------------++-------
 Fire: Shortbow          ||     6
 Cast: Slow              ||     2
Dodge: Dodged            ||     1

Table legend: (Time is in decaauts)
 A = Elapsed time spent in this place.
 B = Non-inter-level travel time spent in this place.
 C = Inter-level travel time spent in this place.
 D = Time resting spent in this place.
 E = Time spent auto-exploring this place.
 F = Levels seen in this place.
 G = Mean time per level.
                   A        B        C        D        E       F      G
               +--------+--------+--------+--------+--------+-----+--------+
         Total |    174 |    160 |     14 |    119 |     25 |   1 |  174.0 |
       Dungeon |    174 |    160 |     14 |    119 |     25 |   1 |  174.0 |
               +--------+--------+--------+--------+--------+-----+--------+

Top non-repeatable levels by time:
     D:1: 174 daAuts
